MID
HAGERSTOWN SUNS @ WISCONSIN TIMBER RATTLERS
09/21/2047
 
TOP OF THE 1ST
Hagerstown Suns batting - Pitching for Wisconsin Timber Rattlers : LHP Taek-hyun Kim
Pitching: LHP Taek-hyun Kim
Batting: RHB Bobby Bricker 0-0: Called Strike
0-1: Ball
1-1: Ground out 4-3 (Groundball, 4, EV 84.4 MPH)
Batting: RHB Leo Gutierrez 0-0: Called Strike
0-1: Swinging Strike
0-2: Ball
1-2: Fly out, F9 (Flyball, 9, EV 81.9 MPH)
Batting: RHB Jesus Malave 0-0: Ball
1-0: Called Strike
1-1: Swinging Strike
1-2: Reached on error, E3 (Groundball, 34S, EV 85.6 MPH)
Batting: RHB Slavik Nebrodov 0-0: Ball
1-0: Called Strike
1-1: Ball
2-1: Called Strike
2-2: Strikes out swinging
Top of the 1st over - 0 runs, 0 hits, 1 error, 1 left on base; Hagerstown 0 - Wisconsin 0
BOTTOM OF THE 1ST
Wisconsin Timber Rattlers batting - Pitching for Hagerstown Suns : LHP Johnny Busse
Pitching: LHP Johnny Busse
Batting: LHB Karel Hort 0-0: Ball
1-0: Ball
2-0: Ball
3-0: Called Strike
3-1: Ground out U3 (Groundball, 3S, EV 69.4 MPH)
Batting: SHB Justin Hensley 0-0: Ball
1-0: Ground out 6-3 (Groundball, 6, EV 86.9 MPH)
Batting: SHB Jerry Duffy 0-0: Ball
1-0: Foul Ball, location: 2F
1-1: Ball
2-1: Ball
3-1: SINGLE (Line Drive, 4D, EV 106.9 MPH)
Batting: LHB Jason Raker 0-0: Ball
1-0: Fielders Choice at 2nd, 5-4 (Groundball, 56, EV 82.5 MPH)
Bottom of the 1st over - 0 runs, 1 hit, 0 errors, 1 left on base; Hagerstown 0 - Wisconsin 0
TOP OF THE 2ND
Hagerstown Suns batting - Pitching for Wisconsin Timber Rattlers : LHP Taek-hyun Kim
Batting: RHB Tylor Cyr 0-0: Called Strike
0-1: Ball
1-1: Foul Ball, location: 2F
1-2: DOUBLE (Line Drive, 89D, EV 106.9 MPH)
Batting: LHB Chance McWilliams 0-0: Called Strike
0-1: Ball
1-1: Called Strike
1-2: Ball
2-2: Ball
3-2: Strikes out looking
Batting: LHB John Holst 0-0: Ball
1-0: Ball
2-0: Ball
3-0: Called Strike
3-1: Base on Balls
Batting: RHB Jim Towle 0-0: Ball
1-0: Called Strike
1-1: Ball
2-1: SINGLE (Line Drive, 34D, EV 95.0 MPH)
Tylor Cyr to third
John Holst to second
Runner from 3rd tries for Home, throw by RF and OUT! 9-2
John Holst to third
Jim Towle to second
Batting: RHB Derek Moran 0-0: Called Strike
0-1: Ball
1-1: Ball
2-1: Foul Ball, location: 2F
2-2: Ball
3-2: Strikes out swinging
Top of the 2nd over - 0 runs, 2 hits, 0 errors, 2 left on base; Hagerstown 0 - Wisconsin 0
BOTTOM OF THE 2ND
Wisconsin Timber Rattlers batting - Pitching for Hagerstown Suns : LHP Johnny Busse
Batting: SHB Craig Wright 0-0: Called Strike
0-1: Ground out 5-3 (Groundball, 56, EV 86.9 MPH)
Batting: LHB Umar Matoub 0-0: Ball
1-0: Foul Ball, location: 2F
1-1: Ball
2-1: SINGLE (Groundball, 6M, EV 101.9 MPH)
Batting: LHB Sal Burgos 0-0: Called Strike
0-1: Ball
1-1: Fly out, F9 (Flyball, 9S, EV 76.9 MPH)
Batting: RHB Dustin Hartman 0-0: Ball
1-0: Foul Ball, location: 2F
1-1: Ball
2-1: SINGLE (Groundball, 6MD, EV 108.8 MPH)
Umar Matoub to second
Batting: RHB Brennan Cameron 0-0: Foul Ball, location: 2F
0-1: Ball
1-1: Fly out, F8 (Flyball, 8RM, EV 76.2 MPH)
Bottom of the 2nd over - 0 runs, 2 hits, 0 errors, 2 left on base; Hagerstown 0 - Wisconsin 0
TOP OF THE 3RD
Hagerstown Suns batting - Pitching for Wisconsin Timber Rattlers : LHP Taek-hyun Kim
Batting: RHB Bobby Bricker 0-0: Called Strike
0-1: Ball
1-1: Foul Ball, location: 2F
1-2: Ground out U3 (Groundball, 34S, EV 81.9 MPH)
Batting: RHB Leo Gutierrez 0-0: Called Strike
0-1: Called Strike
0-2: Foul Ball, location: 2F
0-2: Fly out, F9 (Flyball, 89M, EV 90.0 MPH)
Batting: RHB Jesus Malave 0-0: Called Strike
0-1: Ball
1-1: Ball
2-1: Fly out, F7 (Flyball, 78D, EV 86.9 MPH)
Top of the 3rd over - 0 runs, 0 hits, 0 errors, 0 left on base; Hagerstown 0 - Wisconsin 0
BOTTOM OF THE 3RD
Wisconsin Timber Rattlers batting - Pitching for Hagerstown Suns : LHP Johnny Busse
Batting: LHB Karel Hort 0-0: Ball
1-0: Ball
2-0: Ball
3-0: Called Strike
3-1: Swinging Strike
3-2: Foul Ball, location: 2F
3-2: Base on Balls
Batting: SHB Justin Hensley 0-0: Ball
1-0: Swinging Strike
1-1: Fielders Choice at 2nd, 4-6 (Groundball, 34S, EV 87.5 MPH)
Batting: SHB Jerry Duffy 0-0: Ball
Justin Hensley is caught stealing 2nd base 2-4
1-0: Called Strike
1-1: Ball
2-1: Fly out, F7 (Flyball, 78D, EV 102.5 MPH)
Bottom of the 3rd over - 0 runs, 0 hits, 0 errors, 0 left on base; Hagerstown 0 - Wisconsin 0
TOP OF THE 4TH
Hagerstown Suns batting - Pitching for Wisconsin Timber Rattlers : LHP Taek-hyun Kim
Batting: RHB Slavik Nebrodov 0-0: Foul Ball, location: 2F
0-1: Ball
1-1: Called Strike
1-2: Fly out, F9 (Flyball, 9S, EV 85.0 MPH)
Batting: RHB Tylor Cyr 0-0: Ball
1-0: Called Strike
1-1: Ball
2-1: Fly out, F8 (Flyball, 8LM, EV 90.0 MPH)
Batting: LHB Chance McWilliams 0-0: Called Strike
0-1: Ball
1-1: Ball
2-1: Called Strike
2-2: Ground out 4-3 (Groundball, 4S, EV 93.1 MPH)
Top of the 4th over - 0 runs, 0 hits, 0 errors, 0 left on base; Hagerstown 0 - Wisconsin 0
BOTTOM OF THE 4TH
Wisconsin Timber Rattlers batting - Pitching for Hagerstown Suns : LHP Johnny Busse
Batting: LHB Jason Raker 0-0: Ball
1-0: Fly out, F9 (Flyball, 9S, EV 93.1 MPH)
Batting: SHB Craig Wright 0-0: Foul Ball, location: 2F
0-1: Ball
1-1: Ball
2-1: Ball
3-1: Ground out 4-3 (Groundball, 4, EV 83.8 MPH)
Batting: LHB Umar Matoub 0-0: Ball
1-0: Called Strike
1-1: Foul Ball, location: 2F
1-2: Ball
2-2: Fly out, F9 (Line Drive, 9LS, EV 91.9 MPH)
Bottom of the 4th over - 0 runs, 0 hits, 0 errors, 0 left on base; Hagerstown 0 - Wisconsin 0
TOP OF THE 5TH
Hagerstown Suns batting - Pitching for Wisconsin Timber Rattlers : LHP Taek-hyun Kim
Batting: LHB John Holst 0-0: Ball
1-0: Foul Ball, location: 2F
1-1: Foul Ball, location: 2F
1-2: Ball
2-2: Foul Ball, location: 2F
2-2: Foul Ball, location: 2F
2-2: Ball
3-2: Foul Ball, location: 2F
3-2: SOLO HOME RUN (Flyball, 9D, EV 98.1 MPH), Distance : 359 ft
Batting: RHB Jim Towle 0-0: Foul Ball, location: 2F
0-1: Ball
1-1: Called Strike
1-2: Strikes out swinging
Batting: RHB Derek Moran 0-0: Ground out 5-3 (Groundball, 5S, EV 81.9 MPH)
Batting: RHB Bobby Bricker 0-0: Fly out, F8 (Flyball, 8RD, EV 103.1 MPH)
Top of the 5th over - 1 run, 1 hit, 0 errors, 0 left on base; Hagerstown 1 - Wisconsin 0
BOTTOM OF THE 5TH
Wisconsin Timber Rattlers batting - Pitching for Hagerstown Suns : LHP Johnny Busse
Batting: LHB Sal Burgos 0-0: Called Strike
0-1: Called Strike
0-2: Strikes out swinging
Batting: RHB Dustin Hartman 0-0: Ball
1-0: Ball
2-0: Ground out 4-3 (Groundball, 34D, EV 83.8 MPH)
Batting: RHB Brennan Cameron 0-0: Ball
1-0: Ball
2-0: Fly out, F9 (Flyball, 9, EV 96.9 MPH)
Bottom of the 5th over - 0 runs, 0 hits, 0 errors, 0 left on base; Hagerstown 1 - Wisconsin 0
TOP OF THE 6TH
Hagerstown Suns batting - Pitching for Wisconsin Timber Rattlers : LHP Taek-hyun Kim
Batting: RHB Leo Gutierrez 0-0: Swinging Strike
0-1: Foul Ball, location: 2F
0-2: Foul Ball, location: 2F
0-2: DOUBLE (Line Drive, 89XD, EV 102.5 MPH)
Batting: RHB Jesus Malave 0-0: Fly out, F4 (Popup, 34, EV 63.8 MPH)
Batting: RHB Slavik Nebrodov Balk!
Leo Gutierrez to third
0-0: Fly out, F9 (Flyball, 89M, EV 81.2 MPH)
Batting: RHB Tylor Cyr 0-0: Ball
1-0: Called Strike
1-1: Called Strike
1-2: Ball
2-2: Foul Ball, location: 2F
2-2: Strikes out looking
Top of the 6th over - 0 runs, 1 hit, 0 errors, 1 left on base; Hagerstown 1 - Wisconsin 0
BOTTOM OF THE 6TH
Wisconsin Timber Rattlers batting - Pitching for Hagerstown Suns : LHP Johnny Busse
Batting: LHB Karel Hort 0-0: Ball
1-0: Ground out 4-3 (Groundball, 4D, EV 104.4 MPH)
Batting: SHB Justin Hensley 0-0: Foul Ball, location: 2F
0-1: Called Strike
0-2: Ball
1-2: SINGLE (Flyball, 34D, EV 95.6 MPH)
Batting: SHB Jerry Duffy 0-0: Foul Ball, location: 2F
0-1: Fly out, F9 (Line Drive, 89M, EV 101.2 MPH)
Batting: LHB Jason Raker 0-0: Swinging Strike
0-1: Ball
1-1: Ground out 4-3 (Groundball, 13, EV 83.1 MPH)
Bottom of the 6th over - 0 runs, 1 hit, 0 errors, 1 left on base; Hagerstown 1 - Wisconsin 0
TOP OF THE 7TH
Hagerstown Suns batting - Pitching for Wisconsin Timber Rattlers : LHP Taek-hyun Kim
Batting: LHB Chance McWilliams 0-0: Ball
1-0: SOLO HOME RUN (Flyball, 9LD, EV 98.1 MPH), Distance : 354 ft
Batting: LHB John Holst 0-0: Swinging Strike
0-1: Ball
1-1: Ball
2-1: Foul Ball, location: 2F
2-2: Strikes out swinging
Pitching: RHP Jay Cowgill
Batting: RHB Jim Towle 0-0: Swinging Strike
0-1: Swinging Strike
0-2: Ball
1-2: Foul Ball, location: 2F
1-2: Ball
2-2: Ball
3-2: Strikes out swinging
Batting: RHB Derek Moran 0-0: Ball
1-0: Ball
2-0: Foul Ball, location: 2F
2-1: Ground out 4-3 (Groundball, 4M, EV 88.8 MPH)
Top of the 7th over - 1 run, 1 hit, 0 errors, 0 left on base; Hagerstown 2 - Wisconsin 0
BOTTOM OF THE 7TH
Wisconsin Timber Rattlers batting - Pitching for Hagerstown Suns : LHP Johnny Busse
Batting: SHB Craig Wright 0-0: Ball
1-0: Ball
2-0: Foul Ball, location: 2F
2-1: Foul Ball, location: 2F
2-2: Foul Ball, location: 2F
2-2: Foul Ball, location: 2F
2-2: SINGLE (Groundball, 4MD, EV 93.8 MPH)
Batting: LHB Umar Matoub 0-0: Ball
1-0: Swinging Strike
1-1: Ball
2-1: Grounds into double play, 4-6-3 (Groundball, 4S, EV 88.1 MPH)
Batting: LHB Sal Burgos 0-0: Called Strike
0-1: Ball
1-1: DOUBLE (Line Drive, 7LD, EV 115.0 MPH)
Pitching: RHP Brent Wainwright
Batting: RHB Dustin Hartman 0-0: 2-RUN HOME RUN (Flyball, 78XD, EV 99.4 MPH), Distance : 404 ft
Batting: RHB Brennan Cameron 0-0: Fly out, F3 (Line Drive, 3, EV 60.6 MPH)
Bottom of the 7th over - 2 runs, 3 hits, 0 errors, 0 left on base; Hagerstown 2 - Wisconsin 2
TOP OF THE 8TH
Hagerstown Suns batting - Pitching for Wisconsin Timber Rattlers : RHP Jay Cowgill
Batting: RHB Bobby Bricker 0-0: Foul Ball, location: 2F
0-1: Foul Ball, location: 2F
0-2: Ball
1-2: Foul Ball, location: 2F
1-2: Strikes out swinging
Batting: RHB Leo Gutierrez 0-0: Ground out 4-3 (Groundball, 4, EV 85.6 MPH)
Batting: RHB Jesus Malave 0-0: Foul Ball, location: 2F
0-1: Ball
1-1: Foul Ball, location: 2F
1-2: Ball
2-2: Strikes out swinging
Top of the 8th over - 0 runs, 0 hits, 0 errors, 0 left on base; Hagerstown 2 - Wisconsin 2
BOTTOM OF THE 8TH
Wisconsin Timber Rattlers batting - Pitching for Hagerstown Suns : RHP Brent Wainwright
Batting: LHB Karel Hort 0-0: Ball
1-0: Ground out 4-3 (Groundball, 4, EV 86.2 MPH)
Batting: SHB Justin Hensley 0-0: Called Strike
0-1: Ball
1-1: Ball
2-1: Ball
3-1: Swinging Strike
3-2: DOUBLE (Groundball, 3L, EV 100.0 MPH)
Batting: SHB Jerry Duffy 0-0: Ball
1-0: Foul Ball, location: 2F
1-1: Called Strike
1-2: SINGLE (Line Drive, 78S, EV 92.5 MPH)
Justin Hensley to third
Batting: LHB Jason Raker 0-0: Called Strike
0-1: SINGLE (Line Drive, 78S, EV 90.6 MPH)
Justin Hensley scores
Jerry Duffy to second
Batting: SHB Craig Wright 0-0: Ball
Balk!
Jerry Duffy to third
Jason Raker to second
1-0: Ground out 1-3 (Groundball, 13S, EV 69.4 MPH)
Batting: LHB Umar Matoub 0-0: Ball
1-0: Called Strike
1-1: SINGLE (Groundball, 34S, EV 73.1 MPH) (infield hit)
Jerry Duffy scores
Jason Raker to third
Batting: LHB Sal Burgos 0-0: DOUBLE (Line Drive, 5D, EV 94.4 MPH)
Jason Raker scores
Umar Matoub to third
Pitching: RHP Gilberto Ricalde
Batting: RHB Dustin Hartman 0-0: Foul Ball, location: 2F
0-1: Ground out 6-3 (Groundball, 6M, EV 101.9 MPH)
Bottom of the 8th over - 3 runs, 5 hits, 0 errors, 2 left on base; Hagerstown 2 - Wisconsin 5
TOP OF THE 9TH
Hagerstown Suns batting - Pitching for Wisconsin Timber Rattlers : RHP Jay Cowgill
Batting: RHB Slavik Nebrodov 0-0: Ball
1-0: Called Strike
1-1: Swinging Strike
1-2: Strikes out swinging
Batting: RHB Tylor Cyr 0-0: Swinging Strike
0-1: Swinging Strike
0-2: Ground out 1-3 (Groundball, 13, EV 63.8 MPH)
Batting: LHB Chance McWilliams 0-0: Foul Ball, location: 2F
0-1: Swinging Strike
0-2: Foul Ball, location: 2F
0-2: Ball
1-2: Foul Ball, location: 2F
1-2: Strikes out looking
Top of the 9th over - 0 runs, 0 hits, 0 errors, 0 left on base; Hagerstown 2 - Wisconsin 5
Thursday, December 15th , 2022 - OOTP Baseball 23.9 Build 102